 Dungeon Crawl Stone Soup version 0.18-a0-2-g0e512fa (webtiles) character file.

4774 Scorpio the Cleaver (level 10, -8/93 HPs)
             Began as a Minotaur Berserker on Oct 31, 2015.
             Was a High Priest of Trog.
             Mangled by an orc warrior
             ... wielding a +0 glaive
              (22 damage)
             ... on level 8 of the Dungeon.
             The game lasted 01:49:19 (6513 turns).

Scorpio the Cleaver (Minotaur Berserker)            Turns: 6513, Time: 01:49:26

Health: -8/93      AC: 15    Str: 22    XL:     10   Next: 23%
Magic:  9/9        EV:  7    Int:  5    God:    Trog [*****.]
Gold:   381        SH:  0    Dex: 12    Spells: 0 memorised, 9 levels left

rFire  . . .     SeeInvis .     n - +2 battleaxe
rCold  + . .     Clarity  +     E - +1 plate armour
rNeg   . . .     SustAt   .     (no shield)
rPois  .         Gourm    .     (helmet restricted)
rElec  .         Spirit   .     (no cloak)
rCorr  .         Warding  .     (no gloves)
rMut   .         Stasis   .     (no boots)
MR     .....                    a - amulet of clarity
Stlth  ..........               (no ring)
                                y - ring of protection from cold

@: not resistant to hostile enchantments, extremely unstealthy
A: retaliatory headbutt, horns 2
a: Berserk, Trog's Hand, Brothers in Arms, Burn Spellbooks, Renounce Religion


You were on level 8 of the Dungeon.
You worshipped Trog.
Trog was extremely pleased with you.
You were not hungry.

You visited 1 branch of the dungeon, and saw 8 of its levels.

You collected 381 gold pieces.

Inventory:

Hand Weapons
 n - a +2 battleaxe (weapon)
 q - a cursed -1 hand axe
 z - a +3 morningstar of freezing
 C - a +1 shortbow of flaming
 F - a +1 falchion of flaming
Missiles
 e - 86 stones (quivered)
 l - 6 tomahawks of dispersal
Armour
 E - a +1 plate armour (worn)
Jewellery
 a - an amulet of clarity (around neck)
 x - an uncursed amulet of rage
 y - a ring of protection from cold (left hand)
 A - an uncursed amulet of regeneration
 G - an uncursed amulet of resist mutation
Wands
 o - a wand of disintegration (6)
 w - a wand of lightning (7)
 D - a wand of teleportation (0)
Scrolls
 d - 3 scrolls of identify
 g - a scroll of magic mapping
 i - 10 scrolls of remove curse
 r - a scroll of fear
 I - a scroll of amnesia {unknown}
Potions
 b - a potion of brilliance {unknown}
 c - 3 potions of curing
 f - 2 potions of invisibility
 h - a potion of flight {unknown}
 j - a potion of mutation {unknown}
 p - a potion of haste {unknown}
 s - a potion of lignification {unknown}
 v - a potion of heal wounds
 B - a potion of poison {unknown}
Comestibles
 m - 4 meat rations


   Skills:
 + Level 9.8 Fighting
 * Level 12.7 Axes
 + Level 9.4 Armour
 - Level 2.1 Dodging


You had 9 spell levels left.
You didn't know any spells.

Dungeon Overview and Level Annotations

Branches:
Dungeon (8/15)             Temple (0/1) D:7
   Lair: D:8-11

Altars:
Elyvilon
Fedhas
Gozag
Okawaru
Ru
Zin


Innate Abilities, Weirdness & Mutations

You reflexively headbutt those who attack you in melee.
You have a pair of horns on your head.


Message History

The orc warrior is lightly wounded.
Evoking this partially-identified wand wasted a few charges.
Evoke which item? (* to show all) (? for menu, Esc to quit)
Zapping:
o - a wand of disintegration {zapped: 3} (will waste charges)
Press: ? - help, Shift-Dir - straight line, f/p - orc warrior
Aim: an orc warrior, wielding a glaive and wearing a chain mail (lightly wounded, chance to defeat MR: 65%)
The orc warrior is blasted.
Evoking this partially-identified wand wasted a few charges.
The orc warrior hits you from afar with a glaive.
* * * LOW HITPOINT WARNING * * *
An orc priest comes into view. It is wielding a hand axe.
The orc warrior closely misses you. You furiously retaliate!
You headbutt the orc warrior! You hit the orc warrior.
The orc warrior is severely wounded.
The orc priest mumbles some strange prayers to Beogh against you.
Something smites you!
* * * LOW HITPOINT WARNING * * *
The orc warrior hits you with a glaive!!
You die...

### ##.#.##### ##
######.###.... ..#
#.......#..# ..#
##..###.....# ####..##
#...#
##....#####.....!#
##...# ##...@o....o..#
##....# ##...........#
###.....#
#.....#....##
........#
#....###...##
........# #.....#
...## ###.....#
#...#...#...#
#......##...###......#
##...##.....# ##.....#
#...####...## ##....#


You could see an orc warrior and an orc priest.

Vanquished Creatures
  A griffon (D:8)
  Grinder (D:5)
  A slime creature (D:8)
  A two-headed ogre (D:8)
  A hippogriff (D:6)
  A vampire mosquito (D:8)
  An orc warrior (D:7)
  4 ogres
  3 sky beasts
  A necrophage (D:6)
  2 ice beasts
  3 phantoms
  7 centaurs
  3 giant frogs
  3 scorpions
  5 wights (D:6)
  3 crimson imps
  2 centaur zombies
  A giant frog zombie (D:7)
  5 orc priests
  5 orc wizards
  A hound (D:8)
  2 jellies
  5 iguanas
  5 worker ants
  A hound skeleton (D:6)
  4 gnolls (D:4)
  3 shadow imps
  7 adders
  2 oozes
  2 adder skeletons
  2 worms (D:2)
  4 giant geckos
  29 orcs
  3 ball pythons
  7 bats
  3 giant cockroaches
  3 hobgoblins
  5 jackals
  3 quokkas
  A giant gecko skeleton (D:4)
  9 giant newts
  4 goblins
  6 kobolds
  6 rats
171 creatures vanquished.

Notes
Turn   | Place    | Note
--------------------------------------------------------------
     0 | D:1      | Scorpio the Minotaur Berserker began the quest for the Orb.
     0 | D:1      | Reached XP level 1. HP: 19/19 MP: 0/0
   115 | D:1      | Reached skill level 4 in Fighting
   118 | D:1      | Reached XP level 2. HP: 22/27 MP: 1/1
   725 | D:2      | Reached ** piety under Trog
  1047 | D:2      | Reached XP level 3. HP: 27/34 MP: 2/2
  1669 | D:3      | Found a blossoming altar of Fedhas.
  1705 | D:3      | Found an opulent altar of Gozag.
  1705 | D:3      | Found an iron altar of Okawaru.
  1705 | D:3      | Found a sacrificial altar of Ru.
  2062 | D:3      | Reached skill level 5 in Axes
  2062 | D:3      | Reached XP level 4. HP: 41/41 MP: 3/3
  2301 | D:4      | Noticed an ogre
  2319 | D:3      | Killed an ogre
  2319 | D:3      | Reached skill level 5 in Fighting
  2319 | D:3      | Reached XP level 5. HP: 17/48 MP: 4/4
  2567 | D:4      | Reached *** piety under Trog
  2567 | D:4      | Reached skill level 6 in Axes
  2570 | D:4      | Reached XP level 6. HP: 44/57 MP: 5/5
  2844 | D:4      | Noticed a phantom
  2909 | D:5      | Entered Level 5 of the Dungeon
  3012 | D:4      | Reached XP level 7. HP: 36/64 MP: 6/6
  3092 | D:5      | Reached skill level 5 in Armour
  3223 | D:5      | Reached skill level 7 in Axes
  3499 | D:5      | Noticed Grinder
  3515 | D:5      | Killed Grinder
  3676 | D:5      | Reached XP level 8. HP: 66/73 MP: 7/7
  4044 | D:6      | Reached skill level 8 in Axes
  4195 | D:6      | Reached **** piety under Trog
  4267 | D:6      | Reached skill level 9 in Axes
  4531 | D:6      | Reached XP level 9. HP: 69/82 MP: 8/8
  4540 | D:7      | Found an opulent altar of Gozag.
  4549 | D:7      | Reached skill level 10 in Axes
  5375 | D:7      | Found a white marble altar of Elyvilon.
  5491 | D:7      | Reached skill level 11 in Axes
  5499 | D:7      | Found a staircase to the Ecumenical Temple.
  5547 | D:7      | Found a glowing silver altar of Zin.
  5547 | D:7      | Noticed an angel
  5788 | D:8      | Reached ***** piety under Trog
  6130 | D:8      | Reached skill level 12 in Axes
  6134 | D:8      | Reached XP level 10. HP: 60/91 MP: 9/9
  6165 | D:8      | Noticed a griffon
  6178 | D:8      | Killed a griffon
  6513 | D:8      | Mangled by an orc warrior

Vault maps used:
D:1:      denvon_arrival_planthouse, nemelex_xobeh_ov_fountains_minmay
D:2:      minmay_misc_feat_chi
D:3:      fedhas_altar_2, gammafunk_temple_overflow_forgotten
D:4:      first_bread, grunt_tough_drop
D:5:      tgw_sif, minivault_19, uniq_grinder
D:7:      zin_angel, lemuel_round_altar, minmay_temple_entry_statues_pillars,
          basic_altar
D:8:      minmay_diamond_stairs, serial_bayou_pond_d

Action                   |  1- 3 |  4- 6 |  7- 9 | 10-12 || total
-------------------------+-------+-------+-------+-------++-------
Melee: Hand axe          |    91 |    99 |    97 |       ||   287
       Battleaxe         |       |       |   166 |    21 ||   187
Invok: Berserk           |     1 |     1 |     3 |       ||     5
       Trog's Hand       |       |       |     1 |       ||     1
Evoke: Wand              |       |       |     1 |     2 ||     3
  Use: Scroll            |     2 |     1 |    13 |       ||    16
       Potion            |       |     1 |     3 |       ||     4
  Eat: Chunk             |     2 |       |       |     1 ||     3
       Beef jerky        |     1 |       |       |     1 ||     2
       Bread ration      |       |     1 |     3 |       ||     4
